 Dungeon Crawl Stone Soup version 0.20-b1-18-gaa2fd62 (webtiles) character file.

104 lauthentik the Sneak (level 4, -1/31 HPs)
             Began as a Vampire Enchanter on May 24, 2017.
             Slain by an orc
             ... wielding a +0 hand axe
              (4 damage)
             ... on level 3 of the Dungeon.
             The game lasted 00:06:16 (1439 turns).

lauthentik the Sneak (Vampire Enchanter)            Turns: 1439, Time: 00:06:16

Health: -1/31      AC:  3    Str:  7    XL:     4   Next: 52%
Magic:  4/7        EV: 17    Int: 21    God:
Gold:   144        SH:  0    Dex: 14    Spells: 4/7 levels left

rFire    . . .     SeeInvis +   g - +0 short sword (speed)
rCold    + . .     Gourm    .   (no shield)
rNeg     + + .     Faith    .   b - +0 robe
rPois    +         Spirit   .   (no helmet)
rElec    .         Reflect  .   (no cloak)
rCorr    .         Harm     .   (no gloves)
MR       .....                  k - +0 pair of boots
Stlth    ++++......             (no amulet)
Regen    0.1/turn               e - +4 ring of evasion
MPRegen  0.1/turn               l - +3 ring of intelligence

@: very slightly contaminated, regenerating slowly
A: fangs 3, see invisible, unbreathing
a: Bat Form


You were on level 3 of the Dungeon.
You were near bloodless.

You visited 1 branch of the dungeon, and saw 3 of its levels.

You collected 144 gold pieces.

Inventory:

Hand Weapons
 a - a +1 dagger
 g - a +0 short sword of speed (weapon)
Armour
 b - a +0 robe (worn)
 k - a +0 pair of boots (worn)
Jewellery
 e - a +4 ring of evasion (left hand)
 l - a +3 ring of intelligence (right hand)
Scrolls
 h - a scroll of teleportation {unknown}
 i - a scroll of amnesia {unknown}
 j - a scroll of recharging {unknown}
Potions
 d - 10 potions of blood
 f - 2 potions of curing {unknown}
 m - a potion of lignification {unknown}
 n - a potion of agility {unknown}
Books
 c - a book of Maledictions

   Spells                             Type                      Level
   a - Corona                         Hexes                        1
   b - Ensorcelled Hibernation        Hexes/Ice                    2
   c - Confuse                        Hexes                        3
   d - Tukima's Dance                 Hexes                        3
   e - Dazzling Spray                 Conjuration/Hexes            3


   Skills:
 + Level 0.3 Fighting
 + Level 2.1 Short Blades
 + Level 2.4 Dodging
 + Level 6.2 Stealth
 + Level 2.3 Spellcasting
 + Level 5.1 Hexes
 + Level 0.6 Ice Magic


You had 4 spell levels left.
You knew the following spells:

 Your Spells              Type           Power        Failure   Level  Hunger
a - Ensorcelled Hibernat  Hex/Ice        ##....       7%          2    ##.....
b - Corona                Hex            ###....      1%          1    None


Dungeon Overview and Level Annotations

Branches:
Dungeon (3/15)

Altars:
Fedhas
Qazlal


Innate Abilities, Weirdness & Mutations

You heal slowly.
You have razor-sharp teeth.
You have supernaturally acute eyesight. (SInv)
You can survive without breathing.


Message History

* * * LOW HITPOINT WARNING * * *
You closely miss the orc. The orc completely misses you.
You hit the orc.
The orc is lightly wounded.
The orc misses you.
You hit the orc.
The orc is heavily wounded.
You closely miss the orc.
The orc is heavily wounded.
The orc completely misses you.
You closely miss the orc.
The orc is heavily wounded.
You hit the orc but do no damage. You bite the orc.
You draw the orc's blood!
You feel better.
You feel slightly less thirsty.
The orc is severely wounded.
The orc misses you.
You barely miss the orc.
The orc is severely wounded.
The orc hits you with a hand axe.
You die...

#.## ...# ..#
... #######.#
...o....#
..oo.o.o# .#
########.#...#
#.....@oo....#
#<######.##..#
### #.# .# #.#
# #.# #.# #.#
.#


You could see an orc priest and an orc.

Vanquished Creatures
  Natasha (twice) (D:2)
  An adder (D:2)
  A leopard gecko (D:1)
  4 orcs (D:3)
  2 giant cockroaches
  4 goblins (D:1)
  3 hobgoblins
  3 kobolds (D:1)
  5 bats
  A frilled lizard (D:2)
  18 rats
44 creatures vanquished.

Notes
Turn   | Place    | Note
-------+----------+-------------------------------------------
     0 | D:1      | lauthentik the Vampire Enchanter began the quest for the Orb.
     0 | D:1      | Reached XP level 1. HP: 13/13 MP: 3/3
   174 | D:1      | Reached XP level 2. HP: 15/19 MP: 1/5
   186 | D:1      | Learned a level 2 spell: Ensorcelled Hibernation
   281 | D:1      | Reached skill level 5 in Hexes
   366 | D:1      | Reached skill level 5 in Stealth
   669 | D:1      | Reached XP level 3. HP: 22/24 MP: 1/6
   824 | D:2      | Found a stormy altar of Qazlal.
   851 | D:2      | Found a blossoming altar of Fedhas.
   865 | D:2      | Noticed Natasha
   875 | D:2      | Killed Natasha
   961 | D:2      | Reached XP level 4. HP: 10/30 MP: 0/7
  1154 | D:2      | Reached skill level 6 in Stealth
  1157 | D:2      | Noticed Natasha
  1193 | D:2      | Killed Natasha
  1432 | D:3      | HP: 1/31 [orc priest/divine providence (14)]
  1439 | D:3      | Slain by an orc

Skill      XL: |  1  2  3  4 |
---------------+-------------+-----
Hexes          | 5 |  5.1
Stealth        | 5 6 |  6.2
Short Blades   | 2 |  2.1
Fighting       | |  0.3
Dodging        | |  2.4
Spellcasting   | |  2.3
Ice Magic      | |  0.6

Action                   |  1- 3 |  4- 6 || total
-------------------------+-------+-------++-------
Melee: Dagger            |    41 |       ||    41
       Bite              |     7 |     5 ||    12
       Short sword       |    54 |    49 ||   103
 Cast: Corona            |     7 |       ||     7
       Ensorcelled Hiber |    13 |     4 ||    17
 Stab: Sleeping          |    20 |     3 ||    23
Armor: Robe              |    12 |     2 ||    14
Dodge: Dodged            |    58 |    23 ||    81
